AoeStats
← Charly_

Lombardia

509754522Analyzed
4v4 RM · 5d ago on Sep 27, 2026· 90m 22s· 8 players
Game mode
Random Map
Map size
Large (8 player)
Population
200
Speed
Normal
Resources
Standard
Victory
Conquest
Starting age
Dark Age
Ending age
Imperial Age
RankedLock teamsTeams togetherTeam positionsShared explorationLock speedFull tech treeHidden civsTurbo modeCheats
Victory
Defeat
🇮🇹 Burmese · Italy
1245
+17
🇨🇳 Sicilians · China
1228
+18
🇮🇱 Romans · Israel
1221
+18
🇬🇧 Persians · United Kingdom
1183
+20
🇦🇷 Saracens · Argentina
1300
-20
🇦🇷 Tupi · Argentina
1279
-19
🇵🇪 Celts · Peru
1272
-18
🇦🇷 Saxons · Argentina
1207
-16
Mike
10:54 Feudal Age
9:23 Loom
12:26 Feudal Age
16:11 Castle Age
15:36 Double-Bit Axe
15:31 Horse Collar
17:17 Bow Saw
19:08 Wheelbarrow
18:46 Scale Mail Armor
18:58 Forging
18:41 Man-at-Arms
26:30 Wheelbarrow
26:00 Heavy Plow
25:54 Gold Mining
27:13 Gold Shaft Mining
27:03 Squires
29:21 Long Swordsman
30:25 Hand Cart
32:53 Imperial Age
30:22 Stone Mining
31:25 Chain Mail Armor
31:45 Iron Casting
33:00 Legionary
34:41 Blast Furnace
33:18 Capped Ram
33:21 Heavy Scorpion
37:35 Ballistics
38:16 Chemistry
36:51 Siege Ram
50:28 Ballistas
52:28 Onager
59:28 Siege Engineers
70:10 Coinage
70:24 Caravan
80:07 Banking
79:50 Guilds
FirstPine3880
10:53 Feudal Age
14:30 Castle Age
13:05 Horse Collar
13:12 Double-Bit Axe
16:21 Bow Saw
17:18 Loom
21:20 Heavy Plow
22:26 Wheelbarrow
25:25 Hand Cart
27:25 Gold Mining
27:25 Stone Mining
30:23 Imperial Age
29:23 Stone Shaft Mining
29:26 Gold Shaft Mining
30:23 Caravan
30:58 Town Watch
33:31 Conscription
32:39 Elite War Elephant
35:03 Scale Barding Armor
35:08 Forging
36:25 Hoardings
36:13 Masonry
36:26 Ballistics
36:56 Chain Barding Armor
37:12 Iron Casting
37:02 Bloodlines
36:53 Husbandry
37:14 Guilds
38:12 Plate Barding Armor
39:52 Blast Furnace
38:49 Light Cavalry
41:44 Fletching
42:57 Chemistry
42:28 Architecture
41:55 Murder Holes
43:17 Hussar
51:58 Bodkin Arrow
52:18 Citadels
70:47 Coinage
70:45 Cavalier
72:24 Savar
74:54 Savar
79:28 Banking
592848337
12:32 Feudal Age
10:48 Loom
17:08 Castle Age
25:35 Fletching
27:32 Double-Bit Axe
28:55 Town Watch
31:50 Gold Mining
31:51 Stone Mining
35:27 Wheelbarrow
39:27 Bow Saw
42:30 Imperial Age
41:00 Scale Barding Armor
41:06 Forging
41:22 Scale Mail Armor
42:23 First Crusade
42:26 Chain Barding Armor
42:45 Hand Cart
43:07 Iron Casting
43:10 Elite Serjeant
44:22 Chain Mail Armor
47:00 Blast Furnace
47:30 Conscription
48:09 Capped Ram
50:15 Plate Mail Armor
53:26 Arson
53:42 Squires
56:22 Town Watch
55:59 Pikeman
56:24 Gambesons
56:43 Padded Archer Armor
58:20 Gold Shaft Mining
58:57 Caravan
63:35 Hoardings
62:58 Halberdier
63:38 Arrowslits
65:48 Horse Collar
67:57 Heavy Plow
71:04 Siphons
73:58 Crop Rotation
75:43 Bloodlines
75:34 Husbandry
75:51 Leather Archer Armor
75:32 Bodkin Arrow
76:13 Plate Barding Armor
77:13 Light Cavalry
78:29 Man-at-Arms
84:37 Siege Ram
86:52 Town Patrol
90:49 Bracer
91:51 Chemistry
91:12 Ballistics
91:02 Masonry
91:02 Hauberk
lillithadam20
11:23 Feudal Age
15:07 Castle Age
13:47 Horse Collar
18:34 Loom
28:32 Imperial Age
26:29 Gold Mining
29:10 Gold Shaft Mining
28:29 Stone Mining
28:46 Heavy Plow
29:21 Bloodlines
29:12 Husbandry
29:23 Caravan
30:19 Wheelbarrow
31:48 Conscription
31:50 Elite Arambai
32:58 Town Watch
33:29 Hand Cart
34:00 Forging
33:56 Scale Barding Armor
34:22 Ballistics
35:02 Chemistry
35:14 Padded Archer Armor
37:19 Town Patrol
38:12 Chain Barding Armor
38:28 Iron Casting
40:09 Plate Barding Armor
40:09 Siege Engineers
41:38 Blast Furnace
41:10 Manipur Cavalry
41:11 Howdah
42:12 Fletching
42:35 Masonry
42:17 Treadmill Crane
44:29 Bodkin Arrow
45:16 Bracer
45:48 Architecture
48:20 Murder Holes
48:42 Fortified Wall
49:41 Elite Battle Elephant
49:43 Light Cavalry
49:44 Cavalier
53:23 Coinage
53:04 Guilds
53:41 Hussar
58:30 Banking
LAO9
7:49 Loom
10:36 Feudal Age
15:31 Horse Collar
15:38 Double-Bit Axe
19:16 Castle Age
17:24 Gold Mining
19:52 Stone Mining
21:53 Fervor
23:01 Man-at-Arms
23:28 Gambesons
23:56 Scale Mail Armor
24:06 Forging
25:27 Wheelbarrow
24:22 Long Swordsman
28:44 Pikeman
33:40 Imperial Age
31:14 Town Watch
32:07 Bow Saw
32:05 Heavy Plow
32:49 Chain Mail Armor
34:52 Plate Mail Armor
35:47 Conscription
36:03 Iron Casting
35:46 Hand Cart
35:32 Town Patrol
35:14 Capped Ram
36:41 Two-Handed Swordsman
39:33 Blast Furnace
38:06 Halberdier
42:44 Fletching
42:17 Champion
42:44 Elite Woad Raider
48:20 Onager
50:48 Caravan
50:56 Siege Onager
54:16 Siege Engineers
55:12 Chemistry
56:49 Furor Celtica
63:44 Ballistics
63:31 Siege Ram
66:17 Elite Woad Raider
85:48 Bodkin Arrow
Mysa_
9:57 Loom
11:42 Feudal Age
15:39 Wheelbarrow
18:02 Castle Age
16:13 Double-Bit Axe
20:27 Town Watch
20:28 Horse Collar
20:41 Gold Mining
22:02 Hand Cart
30:13 Gold Shaft Mining
29:57 Fletching
30:52 Bodkin Arrow
35:06 Imperial Age
33:24 Bow Saw
33:27 Forging
33:17 Scale Mail Armor
34:48 Heavy Plow
35:12 Squires
34:58 Arson
35:29 Chain Mail Armor
35:50 Iron Casting
35:44 Fortified Wall
35:34 Elite Varangian Guard
36:47 Plate Mail Armor
36:17 Padded Archer Armor
36:18 Bracer
37:58 Chemistry
37:37 Conscription
36:53 Elite Skirmisher
37:38 Thumb Ring
37:58 Shield Wall
38:59 Town Patrol
39:02 Caravan
39:54 Leather Archer Armor
40:03 Treadmill Crane
43:35 Two-Man Saw
43:21 Ring Archer Armor
43:14 Ballistics
47:57 Pikeman
49:50 Halberdier
57:23 Siege Engineers
66:38 Capped Ram
73:48 Scale Barding Armor
73:21 Light Cavalry
juanjemer
10:28 Feudal Age
10:55 Double-Bit Axe
10:32 Man-at-Arms
12:59 Loom
19:48 Castle Age
18:18 Horse Collar
18:40 Fletching
20:20 Crossbowman
26:37 Bodkin Arrow
28:46 Bow Saw
30:16 Wheelbarrow
32:02 Wheelbarrow
35:08 Imperial Age
37:08 Ballistics
37:23 Bracer
38:26 Chemistry
37:52 Hand Cart
37:52 Heavy Plow
37:34 Arbalester
39:15 Town Watch
40:58 Thumb Ring
54:30 Gold Mining
54:30 Stone Mining
57:54 Gold Shaft Mining
59:21 Conscription
61:17 Two-Man Saw
60:30 Masonry
60:25 Siege Engineers
61:24 Elite Mameluke
62:40 Hoardings
64:13 Forging
66:55 Iron Casting
66:21 Padded Archer Armor
67:09 Fortified Wall
73:09 Blast Furnace
72:56 Bloodlines
72:47 Husbandry
73:06 Light Cavalry
75:30 Coinage
75:01 Caravan
78:37 Leather Archer Armor
78:28 Scale Barding Armor
82:38 Ring Archer Armor
82:08 Scale Mail Armor
82:29 Chain Barding Armor
Charly_
6:21 Loom
10:47 Feudal Age
14:30 Arson
18:00 Castle Age
16:24 Double-Bit Axe
16:30 Gold Mining
16:55 Horse Collar
18:13 Forging
17:28 Champi Runner
18:17 Stone Mining
18:47 Squires
19:20 Bow Saw
20:22 Wheelbarrow
20:01 Heavy Plow
24:55 Hand Cart
26:16 Champi Warrior
27:32 Iron Casting
29:01 Town Watch
35:00 Imperial Age
34:02 Fletching
34:23 Scale Mail Armor
35:10 Ballistics
34:32 Treadmill Crane
35:04 Elite Champi Warrior
35:40 Bodkin Arrow
36:26 Bracer
36:41 Chain Mail Armor
37:38 Chemistry
37:23 Conscription
37:14 Caciques
37:23 Elite Blackwood Archer
37:48 Pikeman
38:33 Halberdier
39:54 Plate Mail Armor
40:28 Padded Archer Armor
42:30 Caravan
42:52 Curare
53:56 Capped Ram
56:57 Siege Ram
58:17 Hoardings
61:33 Leather Archer Armor
64:56 Ring Archer Armor
Connection lost

Rejoining the realm…

Still unreachable

The connection could not be restored.

Session expired

The server has moved on; the page needs a fresh start.